AoeStats
← NDF

Arena

505979476Analyzed
2v2 RM · 21d ago on Sep 11, 2026· 56m 10s· 4 players
Game mode
Random Map
Map size
Medium (4 player)
Population
200
Speed
Normal
Resources
Standard
Victory
Conquest
Starting age
Dark Age
Ending age
Imperial Age
RankedLock teamsTeams togetherTeam positionsShared explorationLock speedFull tech treeHidden civsTurbo modeCheats
Victory
Defeat
🇦🇷 Teutons · Argentina
683
+12
🇦🇷 Spanish · Argentina
682
+12
🇧🇷 Britons · Brazil
667
-25
529
-10
NDF
3:45 Loom
14:08 Feudal Age
15:44 Man-at-Arms
21:06 Castle Age
19:00 Double-Bit Axe
22:51 Stone Mining
23:56 Horse Collar
24:31 Gold Mining
25:05 Heavy Plow
25:12 Crossbowman
29:29 Padded Archer Armor
29:20 Fletching
31:42 Stone Shaft Mining
31:14 Arson
31:30 Squires
30:50 Pikeman
31:54 Leather Archer Armor
31:50 Forging
31:42 Scale Mail Armor
43:37 Imperial Age
41:21 Masonry
44:39 Halberdier
46:48 Wheelbarrow
49:07 Elite Skirmisher
51:29 Chemistry
50:36 Bodkin Arrow
51:22 Elite Teutonic Knight
52:24 Ironclad
52:00 Capped Ram
53:21 Town Watch
estebanpa
12:19 Feudal Age
12:52 Horse Collar
14:21 Double-Bit Axe
17:29 Castle Age
15:25 Gold Mining
18:30 Heavy Plow
18:48 Bow Saw
22:09 Wheelbarrow
21:25 Loom
21:47 Stone Mining
24:52 Stone Shaft Mining
28:29 Imperial Age
27:40 Scale Mail Armor
27:51 Forging
28:21 Scale Barding Armor
28:20 Squires
27:41 Pikeman
30:00 Murder Holes
30:27 Ballistics
31:08 Chemistry
31:25 Hoardings
30:52 Inquisition
32:46 Two-Man Saw
32:26 Block Printing
32:41 Illumination
32:28 Redemption
32:30 Fervor
33:01 Theocracy
32:54 Hand Cart
32:35 Town Watch
33:35 Supremacy
33:42 Chain Barding Armor
33:37 Chain Mail Armor
34:03 Elite Conquistador
35:26 Plate Barding Armor
43:27 Bombard Tower
43:31 Fletching
43:42 Padded Archer Armor
43:17 Elite Skirmisher
45:18 Bodkin Arrow
45:38 Leather Archer Armor
54:36 Caravan
Barriga de Bosta
0:28 Loom
10:24 Feudal Age
11:03 Horse Collar
12:58 Double-Bit Axe
14:53 Gold Mining
21:12 Castle Age
23:46 Wheelbarrow
24:33 Stone Mining
25:18 Gold Shaft Mining
25:07 Town Watch
24:49 Pikeman
26:08 Fervor
26:19 Sanctity
28:47 Imperial Age
26:16 Murder Holes
28:12 Forging
28:37 Husbandry
28:47 Scale Barding Armor
30:36 Chemistry
30:00 Squires
30:42 Hand Cart
31:53 Conscription
32:15 Ballistics
32:14 Fletching
32:25 Padded Archer Armor
31:48 Cavalier
33:24 Scale Mail Armor
33:49 Bow Saw
34:18 Fervor
34:29 Sanctity
34:35 Bodkin Arrow
35:35 Chain Barding Armor
35:38 Yeomen
36:46 Iron Casting
36:02 Capped Ram
36:53 Warwolf
39:11 Elite Longbowman
42:50 Leather Archer Armor
43:35 Blast Furnace
44:00 Chain Mail Armor
43:46 Bracer
44:16 Ring Archer Armor
44:18 Halberdier
50:21 Plate Mail Armor
50:27 Plate Barding Armor
professorDoprofessorlucasv
13:31 Feudal Age
18:19 Double-Bit Axe
18:27 Gold Mining
18:33 Horse Collar
18:42 Man-at-Arms
27:20 Castle Age
30:22 Gold Shaft Mining
29:37 Stone Mining
30:23 Bow Saw
34:28 Imperial Age
37:57 Wheelbarrow
37:58 Bombard Tower
37:22 Treadmill Crane
37:41 Murder Holes
37:40 Heated Shot
37:32 Capped Ram
44:53 Hand Cart
44:19 Heavy Camel Rider
Connection lost

Rejoining the realm…

Still unreachable

The connection could not be restored.

Session expired

The server has moved on; the page needs a fresh start.